Cogmind - Beta 12 @@@ ROGUE MODE // 2023.04.28 @ 18:56:43 Player: Exp. Geonium Core Result: Self-destructed Performance ------------- Evolutions (5) 2500 Regions Visited (21) 4200 Robots Destroyed (102) 510 Value Destroyed (6940) 6940 Prototype IDs (43) 860 Alien Tech Used (0) 0 Bonus (6346) 6346 TOTAL SCORE: 21356 Bonus ------- High Alert Combat Kills 423 Follower Combat Kills 2582 Entered Garrisons 1200 Used RIF Installer 3000 Aligned with FarCom 300 Friendly Fire -1159 Cogmind --------- Core Integrity 622/1000 Matter 285/300 Energy 68/100 System Corruption 4% Temperature Cool (2) Movement Flying (32) Location -5/Garrison Parts ------- > --- POWER (1) -------- (None) > --- PROPULSION (4) --- Cooled Cesium-ion Thruster Cooled Cesium-ion Thruster > --- UTILITY (10) ----- Medium Storage Unit Advanced Weight Redist. System Trap Scanner Enhanced Optical Array Makeshift Hacking Suite Relay Coupler [Swarmer] (29) Relay Coupler [Grunt] (5) Relay Coupler [Hunter] (3) > --- WEAPON (2) ------- (None) > --- INVENTORY (10) --- Stasis Canceller Relay Coupler [Demolisher] (19) Relay Coupler [Heavy] (19) Trap Reconfigurator Advanced Datajack Remote Datajack Remote Datajack Peak State ------------ > --- POWER ------------ Light Antimatter Reactor > --- PROPULSION ------- Improved Heavy Treads Armored Huge Wheel > --- UTILITY ---------- Huge Storage Unit Enhanced Optical Array Experimental Core Analyzer Makeshift Hacking Suite Makeshift System Shield Experimental System Shield Relay Coupler [Swarmer] Relay Coupler [Brawler] > --- WEAPON ----------- Heavy Plasma Cannon Remote Datajack > --- INVENTORY -------- Neutrino Core Improved Heavy Treads Centrium Wheel Improved Heat Sink Trap Scanner Quantum Capacitor Advanced Transmission Jammer Hardened Medium Armor Plating Insulated Plating Improved Remote Shield Relay Coupler [Demolisher] Relay Coupler [Hunter] Relay Coupler [Heavy] Trap Reconfigurator Magnetic Acceleration Cannon Heavy Rocket Launcher Heavy Rocket Launcher Advanced Datajack Improved Remote Datajack Ripper Makeshift Sword [Rating: 88] Favorites ----------- Power Antimatter Reactor Engine Light Ion Engine Power Core Micro Nuclear Core Reactor Antimatter Reactor Propulsion Light Treads Treads Light Treads Leg Aluminum Leg Wheel Armored Wheel Hover Unit Gravmag System Flight Unit Cooled Cesium-ion Thruster Utility Huge Storage Unit Device Seismic Detector Storage Huge Storage Unit Processor Enhanced Optical Array Hackware Relay Coupler [Hunter] Protection Hardened Light Armor Plating Weapon Remote Datajack Energy Gun Small Laser Energy Cannon Heavy Particle Cannon Ballistic Gun Gauss Rifle Ballistic Cannon Magnetic Acceleration Cannon Launcher Rocket Launcher Special Weapon Remote Datajack Slashing Weapon Scythe Build | -11 -10 -10 -10 -9 -8 -8 -8 -8 -8 -8 -7 -7 -7 -7 -7 -7 -6 -6 -6 -5 -5 ------- Run | Jun Mat Min Exi Min Mat Gar Mat Gar Mat Gar Fac Gar Fac Low Low Zio Pro Fac Gar Fac Gar Slots Evolved 10 | . . . . . 4 . . . . . 2 . . . . . . 2 . 2 . Power . | . . . . . . . . . . . . . . . . . . . . . . Propulsion 2 | . . . . . 2 . . . . . . . . . . . . . . . . Utility 8 | . . . . . 2 . . . . . 2 . . . . . . 2 . 2 . Weapon . | . . . . . . . . . . . . . . . . . . . . . . Parts Attached 220 | . . 5 3 1 8 22 6 13 3 14 9 20 8 8 6 7 12 15 28 25 7 Power 15 | . . . 1 . 1 1 . 1 . . 1 1 . . . 1 . 1 3 3 1 Engine 3 | . . . 1 . . . . . . . . . . . . . . . 1 1 . Core 10 | . . . . . 1 1 . 1 . . 1 . . . . . . 1 2 2 1 Reactor 2 | . . . . . . . . . . . . 1 . . . 1 . . . . . Propulsion 37 | . . 2 . . 2 9 . 2 1 3 . 3 1 1 . . . 1 5 5 2 Treads 15 | . . 2 . . . 5 . 2 1 1 . 2 1 . . . . 1 . . . Leg 2 | . . . . . . . . . . . . . . . . . . . 2 . . Wheel 12 | . . . . . 2 4 . . . 2 . 1 . 1 . . . . 2 . . Hover 1 | . . . . . . . . . . . . . . . . . . . 1 . . Flight 7 | . . . . . . . . . . . . . . . . . . . . 5 2 Utility 108 | . . 1 2 . 4 3 5 8 2 9 6 12 6 5 3 6 5 8 8 11 4 Device 28 | . . 1 . . 1 . . . . 3 . 3 1 4 1 1 1 1 4 3 4 Storage 6 | . . . 2 . 1 . . . . . . . . . . . . . 1 2 . Processor 8 | . . . . . . . . . . . . . . . 1 4 . 2 . 1 . Hackware 55 | . . . . . . 2 5 8 2 6 5 8 4 . . . 4 4 2 5 . Protection 11 | . . . . . 2 1 . . . . 1 1 1 1 1 1 . 1 1 . . Artifact . | . . . . . . . . . . . . . . . . . . . . . . Weapon 60 | . . 2 . 1 1 9 1 2 . 2 2 4 1 2 3 . 7 5 12 6 . Energy Gun . | . . . . . . . . . . . . . . . . . . . . . . Energy Cannon 13 | . . . . . 1 . . 1 . 1 1 1 . 1 2 . 2 2 1 . . Ballistic Gun 3 | . . . . 1 . . . . . . . . . . . . . . 2 . . Ballistic Cannon 1 | . . . . . . . . . . . . . . . . . . . . 1 . Launcher 11 | . . 2 . . . 3 . . . . . . . . . . 1 2 3 . . Special Weapon 20 | . . . . . . 2 . 1 . 1 1 2 1 . 1 . 4 1 3 3 . Impact Weapon . | . . . . . . . . . . . . . . . . . . . . . . Slashing Weapon 12 | . . . . . . 4 1 . . . . 1 . 1 . . . . 3 2 . Piercing Weapon . | . . . . . . . . . . . . . . . . . . . . . . Special Melee Weapon . | . . . . . . . . . . . . . . . . . . . . . . Unidentified Prototypes 9 | . . . . . . . . . . . 1 . . . . 4 . 1 1 2 . Parts Lost 45 | . . 1 . . . 9 . . . . . 2 1 1 1 . 1 4 12 3 10 Power 7 | . . . . . . . . . . . . . . . . . . 2 3 . 2 Propulsion 17 | . . . . . . 5 . . . . . . 1 . . . . 2 3 2 4 Utility 10 | . . . . . . 2 . . . . . 1 . 1 1 . . . 2 1 2 Weapon 11 | . . 1 . . . 2 . . . . . 1 . . . . 1 . 4 . 2 Highest Loss Streak 9 | . . 1 . . . 5 . . . . . 2 1 1 1 . 1 1 7 3 9 To Critical Strikes . | . . . . . . . . . . . . . . . . . . . . . . Average Slot Usage (%) 88 | . 85 83 100 100 94 95 97 99 96 99 86 90 89 83 82 83 84 79 76 77 87 Engine 1 | . 14 14 14 14 8 . . . . . . . . . . . . . 1 . . Core 3 | . . . . . . 9 9 9 9 9 7 . . . . . . . 2 4 3 Reactor 2 | . . . . . . . . . . . . 6 7 7 7 6 7 4 . . . Treads 12 | . . 12 28 28 18 30 18 18 18 18 15 8 7 8 7 7 7 7 2 . . Leg 1 | . 28 15 . . . . . . . . . . . . . . . . 4 2 . Wheel 8 | . . . . . 16 5 18 18 18 18 15 15 12 5 7 7 7 4 3 . . Device 7 | . . 5 14 14 15 17 2 . . 2 . 3 2 9 20 20 6 2 5 4 11 Storage 7 | . 14 14 14 14 9 9 9 9 9 9 7 7 7 7 7 7 7 6 5 4 5 Processor 3 | . . . . . . . . . . . . . . . 4 9 15 9 6 8 5 Hackware 17 | . . . . . . 1 22 26 24 23 23 25 34 20 3 . 14 27 28 27 29 Protection 2 | . . . . . 7 5 . . . . 2 5 1 7 6 6 . . 1 . . Energy Gun 1 | . 28 14 14 11 . . . . . . . . . . . . . . . . . Energy Cannon 3 | . . . . . 7 6 . . . 1 . 4 . . 6 7 6 5 2 . . Launcher 1 | . . 5 14 14 9 1 . . . . . . . . . . . 1 . . . Special Weapon 3 | . . . . . . 2 9 8 9 7 6 2 6 6 . . 6 5 . 1 2 Slashing Weapon 5 | . . . . . . 6 9 9 9 9 7 6 7 7 7 7 . . 4 4 4 Naked Turns . | . . . . . . . . . . . . . . . . . . . . . . Heaviest Build 126 | 11 11 14 29 29 102 102 92 92 91 94 101 110 109 118 126 126 113 109 105 101 30 Greatest Support 150 | 20 20 40 40 40 40 80 24 24 24 24 24 28 150 150 28 28 75 150 28 33 42 Greatest Overweight (x) 33 | . . . . . 5 9 3 3 3 3 4 4 6 4 4 4 4 3 6 33 4 Average Overweight (x) 2 | . . . . . . 3 3 3 3 3 3 3 2 3 4 3 2 2 4 . . Largest Inventory Capacity 25 | . 8 8 15 15 25 25 25 25 25 25 25 25 25 25 25 25 25 25 25 25 10 Average Capacity 22 | . 8 8 9 15 16 25 25 25 25 25 25 25 25 25 25 25 25 25 22 19 10 Most Carried 25 | . 8 8 9 11 17 25 25 25 25 25 23 25 25 25 25 25 25 24 24 24 10 Average Carried 21 | . 7 7 8 9 13 22 23 24 24 24 21 23 24 24 24 24 23 22 17 18 8 Final Capacity 25 | 8 8 8 15 15 25 25 25 25 25 25 25 25 25 25 25 25 25 25 25 10 10 Final Carried 25 | 6 8 8 8 11 17 25 23 25 23 24 19 25 24 25 25 24 23 18 24 10 7 Class Distribution -------------------- 39% | Botlord-Mutant 33% | Bothacker-Mutant 13% | Mutant 7% | Scavenger-Mutant Dominant Class ---------------- Mutant | -10/Materials Mutant | -10/Mines Mutant | -10/Exiles Mutant | -9/Mines Mutant | -8/Materials Scavenger-Mutant | -8/Garrison Bothacker-Mutant | -8/Materials Bothacker-Mutant | -8/Garrison Bothacker-Mutant | -8/Materials Bothacker-Mutant | -8/Garrison Botlord-Mutant | -7/Factory Botlord-Mutant | -7/Garrison Botlord-Mutant | -7/Factory Botlord-Mutant | -7/Lower Caves Bothacker-Mutant | -7/Lower Caves Bothacker-Mutant | -7/Zion Bothacker-Mutant | -6/Proximity Caves Bothacker-Mutant | -6/Factory Bothacker-Mutant | -6/Garrison Botlord-Mutant | -5/Factory Botlord-Scout | -5/Garrison Resources | -11 -10 -10 -10 -9 -8 -8 -8 -8 -8 -8 -7 -7 -7 -7 -7 -7 -6 -6 -6 -5 -5 ----------- Run | Jun Mat Min Exi Min Mat Gar Mat Gar Mat Gar Fac Gar Fac Low Low Zio Pro Fac Gar Fac Gar Matter Collected 4113 | 200 . 4 62 13 95 373 . 460 . 220 110 455 76 204 87 . 404 270 716 344 20 Remotely . | . . . . . . . . . . . . . . . . . . . . . . Salvage Created 4908 | . 45 46 . 10 261 1056 . 192 . 131 . 343 . 58 210 . 452 576 1122 348 58 Parts 213 | . 6 5 . 3 18 43 . 8 . 12 . 13 . 3 10 . 15 30 26 15 6 Haulers Intercepted 3 | . . . . . 3 . . . . . . . . . . . . . . . . Recyclers Shooed 4 | . . 1 . . . . . . . . . . . . . . . 2 . 1 . Parts Field Recycled . | . . . . . . . . . . . . . . . . . . . . . . Retrieved Matter . | . . . . . . . . . . . . . . . . . . . . . . Parts Self-Destructed 61 | . . . . . . . . . . . . . . 9 23 . 29 . . . . Prevented 2 | . . . . . . . . . . . . . . 1 . . 1 . . . . Kills | -11 -10 -10 -10 -9 -8 -8 -8 -8 -8 -8 -7 -7 -7 -7 -7 -7 -6 -6 -6 -5 -5 ------- Run | Jun Mat Min Exi Min Mat Gar Mat Gar Mat Gar Fac Gar Fac Low Low Zio Pro Fac Gar Fac Gar Combat Hostiles Destroyed 81 | . 3 3 . 2 2 23 . 4 . 3 . . . 1 3 . 9 12 15 . 1 Melee 11 | . . . . . . 4 . 3 . 2 . . . . . . . . 1 . 1 Guns 10 | . 3 3 . . . . . . . . . . . . . . . . 4 . . Cannons 24 | . . . . . 2 9 . 1 . 1 . . . 1 2 . 5 2 1 . . AOE 33 | . . . . 2 . 9 . . . . . . . . . . 4 9 9 . . Classes Destroyed 16 | . 1 . . . 3 4 . . . . . 1 . . 1 . 2 4 . . . Worker 6 | . . . . . 1 . . . . . . . . . . . . 5 . . . Builder 4 | . . . . . . . . . . . . . . . . . . 3 . 1 . Hauler 4 | . . . . . 3 . . . . . . . . . . . . . . 1 . Recycler 3 | . . . . . . . . . . . . . . . . . . 1 . 2 . Drone 2 | . . . . . . . . . . . . . . . . . 2 . . . . Watcher 1 | . . . . . . . . . . . . . . . . . . 1 . . . Swarmer 19 | . 3 3 . 2 . 4 . . . . . . . . . . . 2 5 . . Cutter 2 | . . . . . . 2 . . . . . . . . . . . . . . . Grunt 33 | . . . . . . 8 . 2 . . . . . . 3 . 5 9 6 . . Brawler 1 | . . . . . . . . . . . . . . . . . 1 . . . . Duelist 4 | . . . . . . 1 . . . . . . . . . . 2 . 1 . . Sentry 9 | . . . . . 2 6 . 1 . . . . . . . . . . . . . Hunter 3 | . . . . . . . . . . . . . . . . . . 1 2 . . Programmer 8 | . . . . . . 2 . 1 . 3 . . . . . . . . 1 . 1 Behemoth 3 | . . . . . . . . . . . . 1 . 1 . . . . 1 . . Samaritan 1 | . . . . . . . . . . . . . . . 1 . . . . . . Best Kill Streak 14 | . 3 3 . 2 3 4 . 2 . 1 . . . 1 2 . 3 14 7 2 1 Combat Bots Only 8 | . 3 3 . 2 1 4 . 2 . 1 . . . 1 2 . 3 8 7 . 1 Max Kills in Single Turn 4 | . 2 1 . 2 3 2 . 1 . 1 . 1 . 1 1 . 2 2 4 1 1 Gunslinging 1 | . 1 . . . . . . . . . . . . . . . . . . . . Exploded 4 | . . . . 2 . 2 . . . . . . . . . . 2 2 4 . . Melee 1 | . . . . . . 1 . 1 . 1 . . . . . . . . 1 . 1 Uniques/NPCs Destroyed . | . . . . . . . . . . . . . . . . . . . . . . Combat | -11 -10 -10 -10 -9 -8 -8 -8 -8 -8 -8 -7 -7 -7 -7 -7 -7 -6 -6 -6 -5 -5 -------- Run | Jun Mat Min Exi Min Mat Gar Mat Gar Mat Gar Fac Gar Fac Low Low Zio Pro Fac Gar Fac Gar Damage Taken 7854 | . 53 128 . 6 123 1505 173 266 14 91 493 208 182 255 234 . 682 795 1577 262 807 Core 1550 | . . 34 . . . 289 53 63 . . 38 57 6 39 12 . 108 77 396 47 331 Absorbed by Shields 129 | . . . . . . . . . . . . . . 60 69 . . . . . . Regen/Repaired (Parts) 45 | . . . . . . . . . . . 45 . . . . . . . . . . Core Remaining (%) 63 | 100 . . . 86 . . . . . 26 . . . . . . 62 . 44 . . Volleys Fired 477 | . 6 8 . 1 23 63 23 28 6 16 38 15 21 7 36 . 59 43 66 18 . Largest 2 | . 2 2 . 2 1 1 1 1 1 1 1 1 1 1 1 . 1 2 2 1 . Hottest 129 | . 80 80 . 73 75 80 5 68 5 75 75 75 5 75 90 . 90 129 118 53 . Shots Fired 515 | . 12 14 . 2 23 63 23 28 6 16 38 15 21 7 36 . 59 44 90 18 . Gun 71 | . 12 14 . 1 . . . . . . . . . . . . . . 44 . . Cannon 201 | . . . . . 22 37 . 3 . 1 11 2 . 4 32 . 27 26 27 9 . Launcher 49 | . . . . 1 1 12 . . . . . . . . . . 6 16 13 . . Special 194 | . . . . . . 14 23 25 6 15 27 13 21 3 4 . 26 2 6 9 . Kinetic 53 | . . . . . . . . . . . . . . . . . . . 44 9 . Thermal 211 | . 6 8 . 1 22 41 . 3 . 1 11 2 . 4 32 . 27 26 27 . . Explosive 49 | . . . . 1 1 12 . . . . . . . . . . 6 16 13 . . Electromagnetic 12 | . 6 6 . . . . . . . . . . . . . . . . . . . Robot Hit Streak 14 | . 2 3 . 1 6 8 11 7 9 6 14 6 4 2 8 . 6 6 12 10 . Robot Miss Streak 4 | . 2 4 . 2 3 4 2 2 . 1 2 1 3 4 4 . 3 2 4 1 . Penetration Max . | . . . . . . . . . . . . . . . . . . . . . . Secondary Targets 2 | . 1 1 . . . . . . . . . . . . . . . . . . . Max Gunslinging Chain 1 | . 1 1 . . . . . . . . . . . . . . . . . . . Shots Hit Robots 447 | . 4 6 . 1 14 75 17 25 6 17 28 30 11 4 23 . 34 21 104 20 7 Core Hits 179 | . 3 3 . 2 7 45 . 3 . 3 1 6 . 2 7 . 14 38 40 3 2 Critical Kills 4 | . . . . . . 1 . . . . . . . . 1 . . 2 . . . Critical Parts Destroyed . | . . . . . . . . . . . . . . . . . . . . . . Critical Strikes 16 | . . . . . . 8 . . . . . 1 . . 1 . . 2 3 . 1 Meltdown 4 | . . . . . . 1 . . . . . . . . 1 . . 2 . . . Sever 12 | . . . . . . 7 . . . . . 1 . . . . . . 3 . 1 Melee Attacks 325 | . . . . . . 72 . 23 . 32 . 96 3 10 3 1 . . 52 15 18 Impact . | . . . . . . . . . . . . . . . . . . . . . . Slashing 325 | . . . . . . 72 . 23 . 32 . 96 3 10 3 1 . . 52 15 18 Piercing . | . . . . . . . . . . . . . . . . . . . . . . Sneak Attacks 23 | . . . . . . 1 . 3 . 2 . 7 . . 3 . . . 3 4 . Combat Hostiles 6 | . . . . . . 1 . 3 . 2 . . . . . . . . . . . Follow-up Attacks . | . . . . . . . . . . . . . . . . . . . . . . Damage Inflicted 15873 | . 53 86 . 144 476 3089 . 301 . 220 175 1117 6 81 653 . 992 2628 5089 513 250 Guns 774 | . 46 79 . . . . . . . . . . . . . . . . 649 . . Cannons 3446 | . . . . . 325 686 . 78 . 31 175 31 . 81 438 . 477 349 589 186 . Explosions 5175 | . . . . 144 141 808 . . . . . . . . . . 515 2279 1288 . . Melee 6414 | . . . . . . 1561 . 223 . 189 . 1086 . . 215 . . . 2563 327 250 Ramming 30 | . 7 7 . . 10 . . . . . . . 6 . . . . . . . . Kinetic 835 | . . . . . . . . . . . . . . . . . . . 649 186 . Thermal 3375 | . 35 46 . . 325 720 . 78 . 31 175 31 . 81 438 . 477 349 589 . . Explosive 5175 | . . . . 144 141 808 . . . . . . . . . . 515 2279 1288 . . Electromagnetic 44 | . 11 33 . . . . . . . . . . . . . . . . . . . Impact . | . . . . . . . . . . . . . . . . . . . . . . Slashing 6414 | . . . . . . 1561 . 223 . 189 . 1086 . . 215 . . . 2563 327 250 Piercing . | . . . . . . . . . . . . . . . . . . . . . . Highest Corruption 4 | . . . . . . 1 1 1 1 1 . 2 2 . . . 1 . . . 4 Average Corruption 1 | . . . . . . 1 1 1 1 1 . 1 1 . . . 1 . . . 3 Corruption Purged 2 | . . . . . . . . . . . . . 2 . . . . . . . . Corruption Blocked . | . . . . . . . . . . . . . . . . . . . . . . Effects 46 | . . . . . . 2 4 11 1 5 . 12 10 . . . 1 . . . . Message Errors 8 | . . . . . . . 2 . . . . 4 2 . . . . . . . . Matter Fused 12 | . . . . . . 1 2 2 . . . 4 3 . . . . . . . . Heat Flow Errors 3 | . . . . . . . . 2 . . . 1 . . . . . . . . . Energy Discharges 6 | . . . . . . . . 3 . 1 . 1 . . . . 1 . . . . Parts Rejected 2 | . . . . . . 1 . 1 . . . . . . . . . . . . . Parts Fused 2 | . . . . . . . . . . . . . 2 . . . . . . . . Data Loss (minor) 5 | . . . . . . . . 3 1 . . 1 . . . . . . . . . Data Loss (major) 6 | . . . . . . . . . . 3 . 1 2 . . . . . . . . Alerts 2 | . . . . . . . . . . 1 . . 1 . . . . . . . . Overload Shots . | . . . . . . . . . . . . . . . . . . . . . . Overflow Damage 565 | . . . . 44 . 30 . 50 . 9 . 53 . . 49 . 34 92 138 66 . Projectiles 51 | . . . . . . . . . . . . . . . . . 7 21 23 . . Explosions 212 | . . . . 44 . 30 . . . . . . . . . . 27 71 40 . . Melee 302 | . . . . . . . . 50 . 9 . 53 . . 49 . . . 75 66 . Knockbacks 2 | . . . . . . . . . . . . . . . . . . . . 2 . Impact . | . . . . . . . . . . . . . . . . . . . . . . Kinetic 2 | . . . . . . . . . . . . . . . . . . . . 2 . Secondary . | . . . . . . . . . . . . . . . . . . . . . . Self-Inflicted Damage 154 | . . . . . . 128 . . . . . . . . . . 4 6 16 . . Shots 11 | . . . . . . 8 . . . . . . . . . . 1 1 1 . . Rammed 4 | . . 2 . . 1 . . . . . . . 1 . . . . . . . . Targets Rammed 8 | . 2 4 . . 1 . . . . . . . 1 . . . . . . . . Kicked 4 | . 2 2 . . . . . . . . . . . . . . . . . . . Crushed . | . . . . . . . . . . . . . . . . . . . . . . Highest Temperature 305 | . 90 108 . 12 129 147 . 89 . 26 305 188 . 111 181 . 265 102 264 . 133 Average Temperature 60 | . 42 60 . 8 32 54 . 34 . 13 114 72 . 59 48 . 74 30 76 . 85 Received Heat Transfer 1926 | . . . . . 54 468 54 72 9 9 135 39 42 27 102 . 186 234 288 45 162 Siege Activations 1 | . . . . . . . . . . . . . . 1 . . . . . . . Total Turns 7 | . . . . . . . . . . . . . . 7 . . . . . . . Longest Duration 7 | . . . . . . . . . . . . . . 7 . . . . . . . Robots Corrupted . | . . . . . . . . . . . . . . . . . . . . . . Combat Hostiles . | . . . . . . . . . . . . . . . . . . . . . . Parts Fried . | . . . . . . . . . . . . . . . . . . . . . . Impact Corruptions . | . . . . . . . . . . . . . . . . . . . . . . Robots Melted 4 | . . . . . . 1 . . . . . . . . 1 . . 2 . . . Combat Hostiles 3 | . . . . . . 1 . . . . . . . . 1 . . 1 . . . Parts Melted 16 | . . . . . . 5 . 1 . . . . . . 3 . 2 5 . . . Heat Transferred 5207 | . 75 100 . . 481 1202 . 111 . 37 259 37 . 111 644 . 750 550 850 . . Parts Sabotaged . | . . . . . . . . . . . . . . . . . . . . . . Parts Stolen . | . . . . . . . . . . . . . . . . . . . . . . Parts Stripped . | . . . . . . . . . . . . . . . . . . . . . . Power Chain Reactions . | . . . . . . . . . . . . . . . . . . . . . . Missiles Intercepted . | . . . . . . . . . . . . . . . . . . . . . . Alert | -11 -10 -10 -10 -9 -8 -8 -8 -8 -8 -8 -7 -7 -7 -7 -7 -7 -6 -6 -6 -5 -5 ------- Run | Jun Mat Min Exi Min Mat Gar Mat Gar Mat Gar Fac Gar Fac Low Low Zio Pro Fac Gar Fac Gar Peak Influence 1065 | . 160 122 . 104 115 1065 624 818 422 577 311 509 275 . . . . 475 573 300 227 Initial 518 | . . 62 . . 40 30 518 405 398 256 302 60 266 . . . . 307 325 300 126 Average 315 | . 57 70 . 29 72 481 547 649 398 453 139 287 77 . . . . 287 435 209 170 Maximum Alert Level 3 | . . . . . . 3 2 3 2 2 1 2 1 . . . . 2 2 1 1 Low Security (%) 39 | . 100 100 . 100 100 15 . . . . 82 33 95 . . . . 18 . 49 77 Level 1 26 | . . . . . . 34 . . 80 25 17 38 4 . . . . 70 37 50 22 Level 2 27 | . . . . . . 21 100 60 19 74 . 28 . . . . . 10 62 . . Level 3 7 | . . . . . . 27 . 39 . . . . . . . . . . . . . Level 4 . | . . . . . . . . . . . . . . . . . . . . . . Level 5 . | . . . . . . . . . . . . . . . . . . . . . . High Security . | . . . . . . . . . . . . . . . . . . . . . . Max Security . | . . . . . . . . . . . . . . . . . . . . . . Squads Dispatched 11 | . 1 . . . . . . . . . 2 . 1 . . . . 5 . 2 . Investigation 2 | . . . . . . . . . . . . . . . . . . 1 . 1 . Extermination . | . . . . . . . . . . . . . . . . . . . . . . Reinforcement 5 | . 1 . . . . . . . . . 1 . 1 . . . . 2 . . . Assault . | . . . . . . . . . . . . . . . . . . . . . . Garrison 4 | . . . . . . . . . . . 1 . . . . . . 2 . 1 . Intercept . | . . . . . . . . . . . . . . . . . . . . . . Searches Triggered . | . . . . . . . . . . . . . . . . . . . . . . Construction Impeded 1 | . . . . . . . . . . . . . . . . . . 1 . . . Haulers Reinforced 2 | . . . . . . . . . . . 1 . . . . . . 1 . . . Active Scanning Responses . | . . . . . . . . . . . . . . . . . . . . . . Cargo Convoy Interrupts . | . . . . . . . . . . . . . . . . . . . . . . Stealth | -11 -10 -10 -10 -9 -8 -8 -8 -8 -8 -8 -7 -7 -7 -7 -7 -7 -6 -6 -6 -5 -5 --------- Run | Jun Mat Min Exi Min Mat Gar Mat Gar Mat Gar Fac Gar Fac Low Low Zio Pro Fac Gar Fac Gar Distress Signals 15 | . 2 . . . . . . 1 1 . 4 1 1 . . . . 1 . 2 2 Communications Jammed 31 | . . . . . . . . . . . . 30 . . . . 1 . . . . Distress Signals 30 | . . . . . . . . . . . . 30 . . . . . . . . . Times Spotted 300 | . 7 3 . 4 2 30 14 36 3 13 24 22 17 5 14 . 31 21 19 13 22 Peak Tracking Total 16 | . 5 3 . 4 2 4 5 9 4 5 5 6 4 3 5 . 5 4 6 6 16 Tactical Retreats 15 | . 1 . . . . 2 . 2 1 1 1 . . . . . 2 2 . . 3 Traps | -11 -10 -10 -10 -9 -8 -8 -8 -8 -8 -8 -7 -7 -7 -7 -7 -7 -6 -6 -6 -5 -5 ------- Run | Jun Mat Min Exi Min Mat Gar Mat Gar Mat Gar Fac Gar Fac Low Low Zio Pro Fac Gar Fac Gar Traps Triggered 41 | . . . . . . 11 . 8 . 7 . 5 . . . . . . 3 2 5 Indirectly . | . . . . . . . . . . . . . . . . . . . . . . Trap Hack Attempts . | . . . . . . . . . . . . . . . . . . . . . . Triggered . | . . . . . . . . . . . . . . . . . . . . . . Disarmed . | . . . . . . . . . . . . . . . . . . . . . . Reprogrammed 11 | . . . . . . . . . . . . . . . . . . 11 . . . Reused 6 | . . . . . . . . . . . . . . . . . . 3 . . 3 Traps Extracted . | . . . . . . . . . . . . . . . . . . . . . . Installed 4 | . . . . . . . . . . . . . . . . . . . . . 4 Triggered 6 | . . . . . . . . . . . . . . . . . . 3 . . 3 Most Traps Carried 4 | . . 4 4 4 4 4 . . . . . . . . . . . . . . 1 Machines | -11 -10 -10 -10 -9 -8 -8 -8 -8 -8 -8 -7 -7 -7 -7 -7 -7 -6 -6 -6 -5 -5 ---------- Run | Jun Mat Min Exi Min Mat Gar Mat Gar Mat Gar Fac Gar Fac Low Low Zio Pro Fac Gar Fac Gar Machines Disabled 32 | . . . . . . 6 . 3 . 3 . 4 2 . . . 2 3 2 3 4 Max in Single Turn 1 | . . . . . . 1 . 1 . 1 . 1 . . . . . 1 1 . 1 Garrison Access 1 | . . . . . . . . . . . . . 1 . . . . . . . . Garrison Relay 18 | . . . . . . 6 . 3 . 3 . 4 . . . . . . 2 . . Machines Repaired . | . . . . . . . . . . . . . . . . . . . . . . Machines Sabotaged . | . . . . . . . . . . . . . . . . . . . . . . Overloaded Fab Kills . | . . . . . . . . . . . . . . . . . . . . . . Hacking | -11 -10 -10 -10 -9 -8 -8 -8 -8 -8 -8 -7 -7 -7 -7 -7 -7 -6 -6 -6 -5 -5 --------- Run | Jun Mat Min Exi Min Mat Gar Mat Gar Mat Gar Fac Gar Fac Low Low Zio Pro Fac Gar Fac Gar Machines Accessed 38 | . . . 2 . 2 2 2 3 1 3 1 2 5 1 1 . . 4 1 7 1 Terminals 24 | . . . . . 1 2 1 3 . 3 . 2 2 . . . . 3 1 5 1 Fabricators 2 | . . . . . . . . . . . . . 1 . . . . . . 1 . Repair Stations . | . . . . . . . . . . . . . . . . . . . . . . Recycling Units . | . . . . . . . . . . . . . . . . . . . . . . Scanalyzers . | . . . . . . . . . . . . . . . . . . . . . . Garrison Access 8 | . . . . . 1 . 1 . 1 . 1 . 2 . . . . 1 . 1 . Total Hacks 77 | . . . 2 . 3 2 3 8 1 6 1 3 7 1 1 . . 20 2 14 3 Successful 30 | . . . 2 . 2 . 1 2 1 1 1 . 4 1 1 . . 6 . 7 1 Failed 47 | . . . . . 1 2 2 6 . 5 . 3 3 . . . . 14 2 7 2 Catastrophic 13 | . . . . . . 1 . 2 . 2 . . 2 . . . . 4 1 1 . Database Lockouts . | . . . . . . . . . . . . . . . . . . . . . . Manual 34 | . . . 1 . 2 1 . . . . . . 3 . . . . 15 2 8 2 Terminals 61 | . . . . . 2 2 2 8 . 6 . 3 3 . . . . 19 2 11 3 Fabricators 3 | . . . . . . . . . . . . . 1 . . . . . . 2 . Repair Stations . | . . . . . . . . . . . . . . . . . . . . . . Recycling Units . | . . . . . . . . . . . . . . . . . . . . . . Scanalyzers . | . . . . . . . . . . . . . . . . . . . . . . Garrison Access 9 | . . . . . 1 . 1 . 1 . 1 . 3 . . . . 1 . 1 . Terminal Hacks 16 | . . . 2 . 1 . . 2 . 1 . . 2 1 1 . . 2 . 3 1 Record 1 | . . . 1 . . . . . . . . . . . . . . . . . . Part Schematic 2 | . . . . . 1 . . . . . . . . . . . . . . 1 . Open Door 4 | . . . . . . . . 1 . . . . . 1 1 . . . . 1 . Branch Access Points 1 | . . . . . . . . . . . . . 1 . . . . . . . . Emergency Access Points 3 | . . . . . . . . 1 . 1 . . . . . . . . . . 1 Fabricator Index 1 | . . . . . . . . . . . . . . . . . . . . 1 . Garrison Index 1 | . . . . . . . . . . . . . 1 . . . . . . . . Reprogram Traps 2 | . . . . . . . . . . . . . . . . . . 2 . . . EX-Prototype ID Bank 1 | . . . 1 . . . . . . . . . . . . . . . . . . Fabricator Hacks 2 | . . . . . . . . . . . . . . . . . . . . 2 . Load Schematic 1 | . . . . . . . . . . . . . . . . . . . . 1 . Build 1 | . . . . . . . . . . . . . . . . . . . . 1 . Repair Station Hacks . | . . . . . . . . . . . . . . . . . . . . . . Recycling Unit Hacks . | . . . . . . . . . . . . . . . . . . . . . . Scanalyzer . | . . . . . . . . . . . . . . . . . . . . . . Garrison Access Hacks 7 | . . . . . 1 . 1 . 1 . 1 . 1 . . . . 1 . 1 . Unlock Access 6 | . . . . . 1 . 1 . 1 . 1 . . . . . . 1 . 1 . Seal Access 1 | . . . . . . . . . . . . . 1 . . . . . . . . Unauthorized Hacks 5 | . . . . . . . . . . . . . 1 . . . . 3 . 1 . Terminals 4 | . . . . . . . . . . . . . . . . . . 3 . 1 . Assimilate 2 | . . . . . . . . . . . . . . . . . . 1 . 1 . Disrupt 1 | . . . . . . . . . . . . . . . . . . 1 . . . Operators 1 | . . . . . . . . . . . . . . . . . . 1 . . . Fabricators . | . . . . . . . . . . . . . . . . . . . . . . Repair Stations . | . . . . . . . . . . . . . . . . . . . . . . Recycling Units . | . . . . . . . . . . . . . . . . . . . . . . Scanalyzers . | . . . . . . . . . . . . . . . . . . . . . . Garrison Access 1 | . . . . . . . . . . . . . 1 . . . . . . . . Reprogram 1 | . . . . . . . . . . . . . 1 . . . . . . . . Data Cores Recovered . | . . . . . . . . . . . . . . . . . . . . . . Used . | . . . . . . . . . . . . . . . . . . . . . . Hacking Detections 27 | . . . . . 2 2 2 3 . 2 . 2 4 . . . . 3 1 5 1 Full Trace Events 2 | . . . . . . . . . . . . 1 . . . . . . . 1 . Feedback Events 1 | . . . . . . . . . . . . 1 . . . . . . . . . Corruption 1 | . . . . . . . . . . . . 1 . . . . . . . . . Feedback Blocked . | . . . . . . . . . . . . . . . . . . . . . . Robot Schematics Acquired 4 | . . . . . . . . . . . . . . . . 4 . . . . . Robots Built . | . . . . . . . . . . . . . . . . . . . . . . Authchips . | . . . . . . . . . . . . . . . . . . . . . . Time . | . . . . . . . . . . . . . . . . . . . . . . Total Robot Build Rating . | . . . . . . . . . . . . . . . . . . . . . . Part Schematics Acquired 15 | . . . . . 1 . . . . . . . . . . 13 . . . 1 . Parts Built 1 | . . . . . . . . . . . . . . . . . . . . 1 . Authchips . | . . . . . . . . . . . . . . . . . . . . . . Time 47 | . . . . . . . . . . . . . . . . . . . . 47 . Total Part Build Rating 5 | . . . . . . . . . . . . . . . . . . . . 5 . Parts Repaired . | . . . . . . . . . . . . . . . . . . . . . . Time . | . . . . . . . . . . . . . . . . . . . . . . Parts Recycled . | . . . . . . . . . . . . . . . . . . . . . . Recycled Matter . | . . . . . . . . . . . . . . . . . . . . . . Retrieved Matter . | . . . . . . . . . . . . . . . . . . . . . . Retrieved Components . | . . . . . . . . . . . . . . . . . . . . . . Parts Scanalyzed . | . . . . . . . . . . . . . . . . . . . . . . Part Schematics Acquired . | . . . . . . . . . . . . . . . . . . . . . . Parts Damaged . | . . . . . . . . . . . . . . . . . . . . . . Bothacking | -11 -10 -10 -10 -9 -8 -8 -8 -8 -8 -8 -7 -7 -7 -7 -7 -7 -6 -6 -6 -5 -5 ------------ Run | Jun Mat Min Exi Min Mat Gar Mat Gar Mat Gar Fac Gar Fac Low Low Zio Pro Fac Gar Fac Gar Used RIF Installer 6 | . . . . . . 2 . 1 . 1 . 1 . . . . . . 1 . . Threat Obfuscator 2 | . . . . . . 1 . . . 1 . . . . . . . . . . . Zone Cloak 1 | . . . . . . . . 1 . . . . . . . . . . . . . Robot Detection 1 | . . . . . . . . . . . . . . . . . . . 1 . . Program Shield 1 | . . . . . . . . . . . . 1 . . . . . . . . . Robots Hacked 102 | . . . . . . 3 13 15 3 10 13 7 9 1 3 . 11 1 6 7 . Non-combat 18 | . . . . . . . 4 . 1 . 7 . 4 . . . . . . 2 . Combat 83 | . . . . . . 3 9 15 2 10 6 7 5 1 3 . 10 1 6 5 . Robot Hacks Applied 110 | . . . . . . 3 14 15 5 11 16 7 10 1 3 . 11 1 6 7 . map_walls 1 | . . . . . . . . . . . . . 1 . . . . . . . . drop_inventory 10 | . . . . . . . 4 . 1 . 3 . 1 . . . . . . 1 . purge_threat 2 | . . . . . . . . . . . 1 . 1 . . . . . . . . summon_haulers 1 | . . . . . . . . . . . 1 . . . . . . . . . . map_route 2 | . . . . . . . . . . . 1 . 1 . . . . . . . . find_garrison 3 | . . . . . . . 1 . 1 . 1 . . . . . . . . . . scatter_targeting 1 | . . . . . . . . . . . . . . . . . . . 1 . . spike_heat 3 | . . . . . . . . . . 2 . . . . 1 . . . . . . wipe_record 1 | . . . . . . . . . 1 . . . . . . . . . . . . reboot_system 7 | . . . . . . . 1 1 . 2 . . . . 1 . 1 . . 1 . overwrite_iff 19 | . . . . . . . 3 7 . 2 1 1 . . . . 2 . 3 . . streamctrl_high 1 | . . . . . . . . . . . . 1 . . . . . . . . . formatsys_low 5 | . . . . . . . . . . . 3 . 1 . . . . . . 1 . formatsys_high 54 | . . . . . . 3 5 7 2 5 5 5 5 1 1 . 8 1 2 4 . Manual 1 | . . . . . . . . . . . . . . . . . 1 . . . . Relay Couplers Released 79 | . . . . . . 23 . 15 . 13 . 21 . . . . . . 7 . . Machine Destruction 73 | . . . . . . 23 . 12 . 13 . 18 . . . . . . 7 . . Programmers 6 | . . . . . . . . 3 . . . 3 . . . . . . . . . Attached 52 | . . . . . . 2 5 8 2 6 5 8 4 . . . 4 1 2 5 . Fabnet Peak Effective % . | . . . . . . . . . . . . . . . . . . . . . . Robots Rewired 2 | . . . . . . . . . . . . . . . . . 2 . . . . Allies Hacked 1 | . . . . . . . . . . 1 . . . . . . . . . . . Hacks Repelled . | . . . . . . . . . . . . . . . . . . . . . . Allies | -11 -10 -10 -10 -9 -8 -8 -8 -8 -8 -8 -7 -7 -7 -7 -7 -7 -6 -6 -6 -5 -5 -------- Run | Jun Mat Min Exi Min Mat Gar Mat Gar Mat Gar Fac Gar Fac Low Low Zio Pro Fac Gar Fac Gar Total Allies 86 | . . . . 1 . 3 8 16 2 7 9 8 6 1 1 . 12 1 5 6 . Largest Group 8 | . . . . 1 1 2 6 8 3 3 7 6 7 6 6 1 5 1 2 4 . Highest-Rated Group 222 | . . . . 31 31 20 82 125 56 61 175 222 209 159 159 32 195 41 58 111 . Highest-Rated Ally 85 | . . . . 31 31 15 16 40 25 29 32 85 62 32 32 32 85 41 41 41 . Total Orders 5 | . . . . . . . . . . . 1 2 . . . . 2 . . . . STAY 2 | . . . . . . . . . . . . 1 . . . . 1 . . . . FOLLOW 2 | . . . . . . . . . . . . 1 . . . . 1 . . . . AID 1 | . . . . . . . . . . . 1 . . . . . . . . . . Ally Attacks 533 | . . . . 4 1 6 28 107 9 56 49 65 25 9 37 . 71 1 35 30 . Total Damage 11524 | . . . . 85 . 86 361 1511 99 892 1339 2136 889 333 1072 . 1439 50 479 753 . Kills 107 | . . . . 2 . 2 8 21 . 9 12 21 10 1 8 . 10 . . 3 . Allies Corrupted . | . . . . . . . . . . . . . . . . . . . . . . Allies Melted 3 | . . . . . . . . . 1 . . . . . . . 1 . . 1 . Intel | -11 -10 -10 -10 -9 -8 -8 -8 -8 -8 -8 -7 -7 -7 -7 -7 -7 -6 -6 -6 -5 -5 ------- Run | Jun Mat Min Exi Min Mat Gar Mat Gar Mat Gar Fac Gar Fac Low Low Zio Pro Fac Gar Fac Gar Robot Analysis Total . | . . . . . . . . . . . . . . . . . . . . . . Derelict Logs Recovered 7 | . . 2 . . . . . . . . . . . 1 1 1 2 . . . . Drone Launches . | . . . . . . . . . . . . . . . . . . . . . . Drone Recoveries . | . . . . . . . . . . . . . . . . . . . . . . Exploration | -11 -10 -10 -10 -9 -8 -8 -8 -8 -8 -8 -7 -7 -7 -7 -7 -7 -6 -6 -6 -5 -5 ------------- Run | Jun Mat Min Exi Min Mat Gar Mat Gar Mat Gar Fac Gar Fac Low Low Zio Pro Fac Gar Fac Gar Turns Passed 16493 | . 242 680 468 142 577 1838 264 979 121 1048 656 1670 1229 958 865 333 1441 744 1247 790 201 Spaces Moved 8913 | 1 184 456 289 77 319 679 163 573 75 568 384 882 718 551 479 194 780 371 321 589 260 Core 5 | . . . . . . . . . . . . . . . . . . . . 1 4 Treads 1647 | . . 180 289 77 258 373 . . . . . . 129 111 . . 122 108 . . . Legs 658 | 1 184 276 . . . . . . . . . . . . . . . . 72 125 . Wheels 5884 | . . . . . 61 306 163 573 75 568 384 882 589 440 479 194 658 263 249 . . Hover . | . . . . . . . . . . . . . . . . . . . . . . Flight 719 | . . . . . . . . . . . . . . . . . . . . 463 256 Fastest Speed 14 | 120 120 120 160 160 140 135 135 135 135 135 135 141 141 160 160 145 145 145 90 26 14 Average Speed 150 | 120 120 135 160 160 156 209 135 135 135 135 138 141 162 160 160 159 160 166 246 96 29 Slowest Speed 1700 | 120 120 160 160 160 160 240 135 135 135 135 150 150 240 160 160 160 240 240 470 1700 250 Overloaded Moves 54 | . . . . . . . . . . . . . . . . . . . . . 54 Propulsion Burnouts . | . . . . . . . . . . . . . . . . . . . . . . Robots Hopped 12 | . . . . . . . . . . . . . . . . . . . . 8 4 Cave-ins Triggered . | . . . . . . . . . . . . . . . . . . . . . . Exploration Rate (%) 47 | 2 45 97 69 29 25 76 31 82 14 83 11 77 33 75 72 14 95 14 29 16 45 Regions Visited 21 Branch Regions 7 Pre-discovered Areas 2 | . . 1 1 . . . . . . . . . . . . . . . . . . Known Exits Taken 7 | . . . . . 1 . 1 . 1 . 1 . 1 . . . . 1 . 1 . Unknown Exits Taken 9 | 1 1 1 1 1 . . . . . . . . . 1 1 1 1 . . . . Scrap Searched 13 | . . 3 . 1 . . . . . . . . . 3 3 . 3 . . . . Spaces Dug 86 | . . . . . 4 26 . . . . . . 3 10 5 . 21 4 2 9 2 Terrain Destroyed 323 | . . . . 9 19 44 . . . . . . 3 10 8 . 74 102 43 9 2 Melee 35 | . . . . . . 9 . . . . . . 3 10 . . . . 2 9 2 Projectile 40 | . . . . . 9 . . . . . . . . . 8 . 11 11 1 . . AOE 246 | . . . . 9 10 35 . . . . . . . . . . 63 91 38 . . Terrain Rammed . | . . . . . . . . . . . . . . . . . . . . . . Walls Destroyed . | . . . . . . . . . . . . . . . . . . . . . . Machines Disabled . | . . . . . . . . . . . . . . . . . . . . . . Actions | -11 -10 -10 -10 -9 -8 -8 -8 -8 -8 -8 -7 -7 -7 -7 -7 -7 -6 -6 -6 -5 -5 --------- Run | Jun Mat Min Exi Min Mat Gar Mat Gar Mat Gar Fac Gar Fac Low Low Zio Pro Fac Gar Fac Gar Total 11093 | . 193 503 295 94 374 935 193 730 91 806 481 1154 765 607 543 219 921 450 609 766 364 Wait 644 | . . 22 . 12 11 28 . 19 6 88 49 69 4 25 6 5 10 17 102 101 70 Move 8878 | . 183 455 288 76 319 678 163 572 75 567 384 881 717 550 478 193 779 371 320 576 253 Hop 8 | . . . . . . . . . . . . . . . . . . . . 5 3 Pick Up 158 | . 2 5 1 3 7 26 1 17 . 18 . 21 5 2 6 3 2 1 26 10 2 Fast Attach 63 | . . . . 1 6 6 . 1 . 2 2 5 1 2 3 6 . 3 8 16 1 Attach 60 | . . 4 . . 1 8 3 3 1 3 5 4 4 2 . 1 1 4 8 4 4 Detach 8 | . . . . . 1 1 . . . . . 1 . 1 . . . . 1 1 2 Swap 97 | . . 1 3 . 1 8 3 9 2 9 2 11 3 4 3 . 11 8 12 5 2 Drop 126 | . . 4 3 1 4 16 . 10 1 19 1 19 5 4 8 10 . 3 3 12 3 Fire 477 | . 6 8 . 1 23 63 23 28 6 16 38 15 21 7 36 . 59 43 66 18 . Melee 325 | . . . . . . 72 . 23 . 32 . 96 3 10 3 1 . . 52 15 18 Ram . | . . . . . . . . . . . . . . . . . . . . . . Kick 4 | . 2 2 . . . . . . . . . . . . . . . . . . . Crush 4 | . . 2 . . 1 . . . . . . . 1 . . . . . . . . Escape Stasis 168 | . . . . . . 28 . 48 . 48 . 32 . . . . . . 10 . 2 Rewire 69 | . . . . . . 1 . . . 4 . . 1 . . . 59 . 1 3 . Trap 4 | . . . . . . . . . . . . . . . . . . . . . 4 Miscellaneous . | . . . . . . . . . . . . . . . . . . . . . . Route ------- -11/Junkyard -10/Materials (discovered 2 exits: [*Mat] / [*Min]) -10/Mines (discovered 3 exits: [*Mat x2] / *Exi) -10/Exiles -9/Mines -8/Materials (discovered 3 exits: *Fac / [*Sto] / Gar) -8/Garrison (discovered 3 exits: *Mat x3) -8/Materials (discovered 2 exits: *Fac / Gar) -8/Garrison (discovered 4 exits: *Fac x3 / *Mat) -8/Materials (discovered 2 exits: [*Sto] / Gar) -8/Garrison (discovered 3 exits: *Fac x3) -7/Factory -7/Garrison (discovered 3 exits: *Fac x3) -7/Factory (discovered 2 exits: *Low x2) -7/Lower Caves -7/Lower Caves -7/Zion -6/Proximity Caves -6/Factory -6/Garrison -5/Factory (discovered 4 exits: [*Upp] / *Ext x2 / Gar) -5/Garrison (discovered 2 exits: [*Fac x2]) History --------- Turn | Location | Event 1 | -11/Junkyard | Discovered new exit (range 0) 1 | -11/Junkyard | Entered Materials 61 | -10/Materials | Discovered new exit (range 4) 234 | -10/Materials | Discovered new exit (range 9) 243 | -10/Materials | Entered Mines 295 | -10/Mines | Discovered new exit (range 4) 305 | -10/Mines | Build established: Mutant 315 | -10/Mines | Learned Materials stockpile data 352 | -10/Mines | Received a Rocket Launcher from a helpful Derelict 530 | -10/Mines | Discovered new exit (range 5) 553 | -10/Mines | Learned Materials stockpile data 574 | -10/Mines | A weapon hastily lodged in a ceiling crevice suddenly fell to the ground 621 | -10/Mines | Found a hidden stash of uninstalled traps 891 | -10/Mines | Learned location of Storage (-8) 917 | -10/Mines | Deemed a non-threat by the Exiles lab entrance 917 | -10/Mines | Discovered new exit (range 5) 923 | -10/Mines | Entered Exiles 963 | -10/Exiles | Met 8R-AWN 991 | -10/Exiles | Met EX-HEX 1037 | -10/Exiles | Met EX-BIN 1055 | -10/Exiles | Aligned with FarCom system 1056 | -10/Exiles | Given EX-Vault access code 1093 | -10/Exiles | Opened EX-Vault 1108 | -10/Exiles | Found Trap Reconfigurator 1144 | -10/Exiles | Warned to stay clear of 0b10 Research branches 1186 | -10/Exiles | Met EX-DEC 1198 | -10/Exiles | Learned location of Zion (-7) 1372 | -10/Exiles | Discovered new exit (range 14) 1391 | -10/Exiles | Left Exiles lab with Trap Reconfigurator 1391 | -10/Exiles | Entered Mines 1466 | -9/Mines | Received a Mining Laser from a helpful Derelict 1523 | -9/Mines | Discovered new exit (range 7) 1533 | -9/Mines | Entered Materials 1533 | -8/Materials | Accompanied by 1 ally 1533 | -8/Materials | Evolved 4 slots: Propulsion x2, Utility x2 1538 | -8/Materials | Discovered new exit (range 12) 1702 | -8/Materials | Discovered new exit (range 15) 2110 | -8/Materials | Identified exit to Garrison 2110 | -8/Materials | Entered Garrison 2326 | -8/Garrison | Triggered checkpoint 2399 | -8/Garrison | Garrison Relay disabled 2528 | -8/Garrison | Triggered checkpoint 2620 | -8/Garrison | Discovered new exit (range 9) 2676 | -8/Garrison | Build established: Scavenger-Mutant 2794 | -8/Garrison | Triggered checkpoint 2863 | -8/Garrison | Garrison Relay disabled 3036 | -8/Garrison | Triggered checkpoint 3037 | -8/Garrison | Triggered checkpoint 3123 | -8/Garrison | Discovered new exit (range 11) 3224 | -8/Garrison | Triggered checkpoint 3354 | -8/Garrison | Installed Relay Interface Framework 3439 | -8/Garrison | Garrison Relay disabled 3441 | -8/Garrison | Garrison Relay disabled 3515 | -8/Garrison | Lost 5 parts (3n1u1w) 3583 | -8/Garrison | Garrison Relay disabled 3609 | -8/Garrison | Garrison Relay disabled 3740 | -8/Garrison | Triggered checkpoint 3790 | -8/Garrison | Build established: Bothacker-Mutant 3909 | -8/Garrison | Expanded RIF knowledge: Threat Obfuscation 3915 | -8/Garrison | Core integrity fell below 50% 3944 | -8/Garrison | Discovered new exit (range 3) 3948 | -8/Garrison | Entered Materials 3948 | -8/Materials | Accompanied by 2 allies 4178 | -8/Materials | Discovered new exit (range 14) 4212 | -8/Materials | Identified exit to Garrison 4212 | -8/Materials | Entered Garrison 4212 | -8/Garrison | Accompanied by 5 allies 4244 | -8/Garrison | Triggered checkpoint 4248 | -8/Garrison | Discovered new exit (range 6) 4300 | -8/Garrison | Triggered checkpoint 4326 | -8/Garrison | Garrison Relay disabled 4350 | -8/Garrison | Triggered checkpoint 4454 | -8/Garrison | Triggered checkpoint 4554 | -8/Garrison | Discovered new exit (range 9) 4635 | -8/Garrison | Rescued a captive Derelict 4636 | -8/Garrison | Rescued a captive Derelict 4663 | -8/Garrison | Garrison Relay disabled 4801 | -8/Garrison | Garrison Relay disabled 4810 | -8/Garrison | Triggered checkpoint 4842 | -8/Garrison | Expanded RIF knowledge: Zone Cloak 4914 | -8/Garrison | Discovered new exit (range 11) 5066 | -8/Garrison | Discovered new exit (range 8) 5112 | -8/Garrison | Triggered checkpoint 5191 | -8/Garrison | Entered Materials 5191 | -8/Materials | Accompanied by 2 allies 5272 | -8/Materials | Discovered new exit (range 15) 5312 | -8/Materials | Identified exit to Garrison 5312 | -8/Materials | Entered Garrison 5312 | -8/Garrison | Accompanied by 2 allies 5362 | -8/Garrison | Triggered checkpoint 5549 | -8/Garrison | Garrison Relay disabled 5578 | -8/Garrison | Garrison Relay disabled 5651 | -8/Garrison | Triggered checkpoint 5654 | -8/Garrison | Triggered checkpoint 5658 | -8/Garrison | Triggered checkpoint 5736 | -8/Garrison | Discovered new exit (range 10) 5776 | -8/Garrison | Triggered checkpoint 5795 | -8/Garrison | Garrison Relay disabled 6093 | -8/Garrison | Expanded RIF knowledge: Threat Obfuscation 6117 | -8/Garrison | Discovered new exit (range 5) 6251 | -8/Garrison | Discovered new exit (range 10) 6360 | -8/Garrison | Entered Factory 6360 | -7/Factory | Accompanied by 2 allies 6360 | -7/Factory | Evolved 2 slots: Utility x2 6400 | -7/Factory | Build established: Botlord-Mutant 6927 | -7/Factory | Garrison activated, responded to threat 7016 | -7/Factory | Identified exit to Garrison 7016 | -7/Factory | Entered Garrison 7016 | -7/Garrison | Accompanied by 2 allies 7219 | -7/Garrison | Spotted B-75 Beast 7279 | -7/Garrison | Hijacked Beast 4a control node with streamctrl_high 7297 | -7/Garrison | Destroyed Beast 4a 7315 | -7/Garrison | Found Quantum Capacitor 7482 | -7/Garrison | Triggered checkpoint 7487 | -7/Garrison | Garrison Relay disabled 7540 | -7/Garrison | Found embedded Infiltrators 7554 | -7/Garrison | Triggered checkpoint 7614 | -7/Garrison | Triggered checkpoint 7706 | -7/Garrison | Discovered new exit (range 13) 7773 | -7/Garrison | Expanded RIF knowledge: Program Shield 7795 | -7/Garrison | Garrison Relay disabled 7902 | -7/Garrison | Triggered checkpoint 7958 | -7/Garrison | Discovered new exit (range 13) 8107 | -7/Garrison | Garrison Relay disabled 8285 | -7/Garrison | Discovered new exit (range 9) 8470 | -7/Garrison | Garrison Relay disabled 8686 | -7/Garrison | Entered Factory 8686 | -7/Factory | Accompanied by 2 allies 9502 | -7/Factory | Discovered new exit (range 5) 9853 | -7/Factory | Identified exit to Lower Caves 9915 | -7/Factory | Entered Lower Caves 9915 | -7/Lower Caves | Accompanied by 5 allies 10068 | -7/Lower Caves | Encountered a Warlord checkpoint 10086 | -7/Lower Caves | Learned Factory security intel 10533 | -7/Lower Caves | Discovered new exit (range 11) 10766 | -7/Lower Caves | Spotted B-75 Beast 10788 | -7/Lower Caves | Destroyed B-75 Beast 10873 | -7/Lower Caves | Entered another Lower Caves area 10873 | -7/Lower Caves | Accompanied by 6 allies 11043 | -7/Lower Caves | Spotted B-75 Beast 11077 | -7/Lower Caves | Allies destroyed B-75 Beast 11452 | -7/Lower Caves | Build established: Bothacker-Mutant 11711 | -7/Lower Caves | Discovered new exit (range 14) 11738 | -7/Lower Caves | Entered Zion 11738 | -7/Zion | Accompanied by 1 ally 11788 | -7/Zion | Discovered new exit (range 15) 11860 | -7/Zion | Learned Factory terminal intel 11990 | -7/Zion | Found Prototype Processor 11990 | -7/Zion | Identified Exp. Target Analyzer 11993 | -7/Zion | Found Prototype Hackware 11998 | -7/Zion | Found Prototype Processor 11998 | -7/Zion | Identified Exp. Core Analyzer 12001 | -7/Zion | Found Prototype Processor 12001 | -7/Zion | Identified Exp. Terrain Scan Processor 12006 | -7/Zion | Found Prototype Processor 12006 | -7/Zion | Identified Exp. Melee Analysis Suite 12071 | -7/Zion | Entered Proximity Caves 12071 | -6/Proximity Caves | Accompanied by 1 ally 12126 | -6/Proximity Caves | Attracted the attention of an 0b10 checkpoint 12168 | -6/Proximity Caves | Spotter reported a threat 12175 | -6/Proximity Caves | Spotter reported a threat 12180 | -6/Proximity Caves | Spotted B-75 Beast 12286 | -6/Proximity Caves | Build established: Botlord-Mutant 12356 | -6/Proximity Caves | Received a Behemoth hack from an annoying Tinkerer 12548 | -6/Proximity Caves | Befriended a Behemoth using the annoying Tinkerer's hack 12664 | -6/Proximity Caves | Attracted the attention of an 0b10 outpost 12968 | -6/Proximity Caves | Build established: Bothacker-Mutant 13156 | -6/Proximity Caves | Learned Factory terminal intel 13467 | -6/Proximity Caves | Learned Factory emergency access door positions 13472 | -6/Proximity Caves | Discovered new exit (range 15) 13512 | -6/Proximity Caves | Entered Factory 13512 | -6/Factory | Evolved 2 slots: Utility x2 13515 | -6/Factory | Loaded intel: 26 terminal locations 13718 | -6/Factory | Identified Exp. System Shield 14152 | -6/Factory | Garrison activated, responded to threat 14206 | -6/Factory | Destroyed 8 combat bots 14250 | -6/Factory | Identified exit to Garrison 14256 | -6/Factory | Entered Garrison 14256 | -6/Garrison | Accompanied by 1 ally 14500 | -6/Garrison | Triggered checkpoint 14593 | -6/Garrison | Garrison Relay disabled 14728 | -6/Garrison | Triggered checkpoint 14731 | -6/Garrison | Triggered checkpoint 14741 | -6/Garrison | Spotted B-75 Beast 14755 | -6/Garrison | Destroyed 7 combat bots 14799 | -6/Garrison | Lost 7 parts (2p2n1u2w) 14898 | -6/Garrison | Destroyed B-75 Beast 15019 | -6/Garrison | Discovered new exit (range 11) 15038 | -6/Garrison | Expanded RIF knowledge: Robot Detection 15076 | -6/Garrison | Core integrity fell below 50% 15214 | -6/Garrison | Triggered checkpoint 15320 | -6/Garrison | Garrison Relay disabled 15503 | -6/Garrison | Entered Factory 15503 | -5/Factory | Evolved 2 slots: Utility x2 15504 | -5/Factory | Identified exit to Extension 15505 | -5/Factory | Loaded intel: 27 terminal locations 15629 | -5/Factory | Build established: Botlord-Mutant 15850 | -5/Factory | Discovered exit to Extension (range 6) 15972 | -5/Factory | Lost 3 parts (2n1u) 16135 | -5/Factory | Discovered new exit (range 13) 16167 | -5/Factory | Garrison activated, responded to threat 16269 | -5/Factory | Fabricated Stasis Canceller (x1) 16293 | -5/Factory | Identified exit to Garrison 16293 | -5/Factory | Entered Garrison 16320 | -5/Garrison | Spotted B-75 Beast 16322 | -5/Garrison | Triggered checkpoint 16340 | -5/Garrison | Build established: Botlord-Sprinter 16341 | -5/Garrison | Discovered new exit (range 13) 16478 | -5/Garrison | Triggered checkpoint 16491 | -5/Garrison | Discovered new exit (range 8) 16494 | -5/Garrison | Self-destructed Last Messages --------------- 16472_ Mak. Sword destroyed. 16473_ Acquired 20 matter. 16475_ Cld. Cesium-ion Thruster destroyed. 16476_ W-25 Informer sends out distress signal. 16476_ Relay Coupler [Brawler] destroyed. 16478_ Cld. Cesium-ion Thruster destroyed. 16478_ Beams of light sweep through the air. An alarm sounds. 16482_ Triggered Stasis Trap. 16482_ A bubble of rippling energy engulfs the area. 16482_ Field strength at 95. 16484_ Field strength at 90. 16486_ Stasis field depleted. 16487_ Mic. Fission Core destroyed. 16488_ S-27 Virus destroyed. 16489_ Connecting with Garrison Terminal... >>Access(Emergency) Found 38 emergency access points. Map updated. 16491_ EXIT=FOUND 16493_ Detecting nearby RIF Installer. Map ----- +----------------------------------------------------+ | ??????????????????????????????????????????????? | | ??????????????????????????????????????????????? | | ??????????????????????????????????????????????? | | ??????????????????????????????????????????????? | | ??????????????????????????????????????????????? | | ??????????????????????????????????????????????? | | ??????????????????????????????????????????????? | | ??????????????????????????????????????????????? | | ??????????????????????????????????????????????? | | ??????????????????????????????????????????????? | | ??????????????????????????????????????????????? | | ??????????????????????????????????????????????? | | ??????????????????????????????????????????????? | | ?????????????????????????????"""??????????????? | | ?????????????????????????????"?"??????????????? | | ?????????????????????????????"?"??????????????? | | ?????????????????????????????"?"??????????????? | | ??????????????????????????????????????????????? | | ??????????????????????????????????????????????? | | ??????????????????????????????????????????????? | | ??????????????????????????????????????????????? | | ?????????????????????????????????????C????????? | | ??????????????????????????????????????????????? | | ??????????????????######??????????????????????? | | ??????????????????# #????????????+?????????? | | ??????????????????# < @#??????????????????????? | | ??????????????????# #??????????????????????? | | ??????????????????### #??????????????????????? | | ????????????????????# #??????????????????????? | | ????????????????????# #??????+???????????????? | | ????????????????????# #??????????????????????? | | ????????????????????# #????????????????#?????? | | ????????????????????# #######+######## ####### | | ????????????????????# s s s # | | ????????????????????# ssss s # | | ????????????????????###########T## ###+#### # | | ??????????????????????????????#### *#??????# # | | ?????????????????????????????????# %#??????# # | | ?????????????????????????????????# [#??????+ # | | ?????????????????????????????????# #??????# # | | ?????????????????????????????????# +??????# # | | ?????????????????????????????????# #??????# # | | ?????????????????????????????????# #?????## # | | ?????????????????????????????????# ###+### | | ?????????????????????????????????# | | ?????????????????????????????????# | | ?????????????????????????????????########## # | | ??????????????????????????????????????????# # | | ????????????????????????????????????????# | | ?????????????????????????????????#####??# | +----------------------------------------------------+ Best States ------------- Heat Dissipation 51 Coolant Potential 100 Energy Generation 21 Energy Capacity 325 Matter Stores 300 Matter Capacity 600 Sight Range 22 Terrain Scan Density 10 Jamming Range 16 Additional Mass Support 12 Armor Coverage 300 Resistance: EM 15 Evasion (%) 64 Targeting Accuracy 6 Target Analysis 10 Core Analysis 8 Recoil Reduction 4 Offensive Hacking 11 Defensive Hacking 27 Relay Coupler Types 5 Relay Coupler Value 120 Item Schematics ----------------- Huge Storage Unit | -8/Materials | Hacked Adv. Terrain Scanner | -7/Zion | Archive Dynamic Insulation System | -7/Zion | Archive Imp. Focal Shield | -7/Zion | Archive Imp. Arc Projector | -7/Zion | Archive Mak. Spear | -7/Zion | Archive Mak. Transmission Jammer | -7/Zion | Archive Imp. Medium Armor Plating | -7/Zion | Archive Mak. Leg | -7/Zion | Archive Power Sword | -7/Zion | Archive Lightning Gun | -7/Zion | Archive Adv. Heat Sink | -7/Zion | Archive Mak. Hacking Suite | -7/Zion | Archive Imp. Titanium Leg | -7/Zion | Archive Stasis Canceller | -5/Factory | Hacked Robot Schematics ------------------ G-47 Trooper | -7/Zion | Archive W-25 Informer | -7/Zion | Archive T-07 Excavator | -7/Zion | Archive X-77 Beamer | -7/Zion | Archive Fabricated ------------ Stasis Canceller | x1 | -5/Factory Alien Tech Used ----------------- None Achievements -------------- Woof! Challenges ------------ None Game ------ Seed GrenadeMappingSuperbattery Manual? 0 Play Time 02:21:49 Cumulative 424.1 hours Start 2023.04.28 @ 15:06:39 End 2023.04.28 @ 18:56:43 Sessions 3 Manual Loads 0 Difficulty Rogue Special Mode None Game No. 459 Rogue 459 Adventurer 0 Explorer 0 Win Type - Total 12 Types 8/0/3/1/0/0/0/0/0 Lore% 82 Gallery% 90 Achievement% 80 Wizard Run 0 Options --------- ASCII 0 Keyboard 0 Movement Mouse Keybinds 0 Fullscreen 1 Font 18/Terminus Map View 76x50 Tactical HUD 1 Map Filters NONE Filters NONE Steam 1 RUN: 68c77c13-32a5-4420-a52f-3085bc0f7420